 Dungeon Crawl Stone Soup version 0.22-a0-609-gfedc9ff (webtiles) character file.

152080 sking99 the Black Belt (level 17, -2/156 HPs)
             Began as a Grey Draconian Transmuter on July 10, 2018.
             Was an Initiate of Gozag.
             Slain by a naga warrior
             ... wielding a +0 halberd
              (9 damage)
             ... on level 3 of the Snake Pit on July 11, 2018.
             The game lasted 01:30:26 (42969 turns).

sking99 the Black Belt (Grey Draconian Transmuter) Turns: 42969, Time: 01:30:27

Health: -2/156     AC: 17    Str: 14    XL:     17   Next: 2%
Magic:  0/24       EV: 21    Int: 15    God:    Gozag
Gold:   882        SH:  0    Dex: 16    Spells: 7/26 levels left

rFire    . . .     SeeInvis +     - Unarmed
rCold    . . .     Gourm    .   (shield currently unavailable)
rNeg     . . .     Faith    .   (armour unavailable)
rPois    +         Spirit   +   U - +0 mask of the Dragon {MR+ Slay+3 SInv}
rElec    .         Reflect  .   x - +2 cloak {rPois}
rCorr    .         Harm     .   (gloves currently unavailable)
MR       ++++.                  (no boots)
Stlth    +++.......             J - amulet of guardian spirit
HPRegen  0.36/turn              V - ring "Nafamet" {rPois MR++}
MPRegen  0.19/turn              (no ring)

@: blade hands, gold aura, hasted, constricted, studying Bows, very quick
A: walk through water, unfitting armour, unbreathing, cold-blooded, AC +14
a: End Transformation, Potion Petition, Call Merchant, Bribe Branch, Renounce
Religion


You were on level 3 of the Snake Pit.
You worshipped Gozag.
Gozag was pleased with you.
You were very hungry.
You had blades for hands.
You visited 5 branches of the dungeon, and saw 29 of its levels.
You also visited: Labyrinth and Ice Cave.

You collected 10289 gold pieces.
You spent 1751 gold pieces at shops.
You paid 7656 gold pieces to Gozag.

Inventory:

Hand Weapons
 E - a +1 scimitar of flaming
Missiles
 a - 413 arrows
Armour
 e - a +2 pair of gloves
 n - a +2 pair of gloves of strength (melded)
 x - a +2 cloak of poison resistance (worn)
 U - the +0 mask of the Dragon (worn) {MR+ Slay+3 SInv}
   (You found it on level 6 of the Lair of Beasts)

   It affects your accuracy and damage with ranged weapons and melee attacks
   (+3).
   It affects your resistance to hostile enchantments.
   It lets you see invisible.
 Z - a +2 large shield
Jewellery
 i - an uncursed ring of fire
 k - an uncursed ring of protection from magic
 B - an uncursed ring of positive energy
 G - an uncursed ring of flight
 J - an amulet of guardian spirit (around neck)
 L - an uncursed ring of resist corrosion
 T - an uncursed ring of protection from fire
 V - the ring "Nafamet" (left scythe-like blade) {rPois MR++}
   (You found it on level 15 of the Dungeon)

   [ring of poison resistance]

   It protects you from poison.
   It affects your resistance to hostile enchantments.
 X - an uncursed ring of protection from fire
 Y - an uncursed ring of ice
Wands
 o - a wand of flame (52)
 r - a wand of acid (6)
 N - a wand of digging (37)
 O - a wand of random effects (40)
 P - a wand of polymorph (48)
 S - a wand of iceblast (30)
Scrolls
 b - 13 scrolls of teleportation
 f - 5 scrolls of amnesia
 g - 11 scrolls of remove curse
 j - a scroll of fog
 l - 5 scrolls of blinking
 s - 7 scrolls of identify
 y - a scroll of magic mapping
 D - 4 scrolls of fear
 H - a scroll of enchant weapon
 K - 3 scrolls of immolation
 M - a scroll of torment
 R - 2 scrolls of enchant armour
Potions
 d - 11 potions of curing
 h - 4 potions of magic
 p - 5 potions of haste
 q - 4 potions of flight
 t - 3 potions of mutation
 u - 2 potions of agility
 v - 4 potions of cancellation
 w - 2 potions of might
 z - 3 potions of brilliance
 A - 4 potions of lignification
 I - a potion of resistance
 W - a potion of invisibility
Books
 Q - a manual of Bows
Miscellaneous
 m - a lamp of fire
 C - a phial of floods
 F - 2 phantom mirrors
Comestibles
 c - 13 rations


   Skills:
 - Level 15.0 Fighting
 + Level 15.0 Dodging
 - Level 3.8 Stealth
 - Level 16.0 Unarmed Combat
 - Level 5.0 Spellcasting
 - Level 2.0 Charms
 - Level 3.0 Necromancy
 + Level 11.6 Transmutations
 + Level 4.3 Earth Magic
 - Level 7.0 Evocations


You had 7 spell levels left.
You knew the following spells:

 Your Spells              Type           Power        Failure   Level  Hunger
a - Beastly Appendage     Tmut           #####.       8%          1    None
b - Sticks to Snakes      Tmut           #####...     9%          2    ##.....
c - Summon Butterflies    Summ           #.......     56%         1    None
d - Regeneration          Chrm/Necr      ##........   58%         3    ###....
e - Blade Hands           Tmut           #####.....   28%         5    ######.
f - Apportation           Tloc           #.....       56%         1    None
g - Statue Form           Tmut/Erth      ####.....    95%         6    #######

Your spell library contained the following spells:

 Spells                   Type           Power        Failure   Level  Hunger
 Magic Dart               Conj           #...         56%         1    None
 Invisibility             Hex            #.......     100%        6    #######
 Throw Frost              Conj/Ice       #.....       67%         2    ##.....
 Mephitic Cloud           Conj/Pois/Air  #.......     83%         3    ###....
 Venom Bolt               Conj/Pois      #.........   100%        5    ######.
 Olgreb's Toxic Radiance  Pois           #.......     99%         4    ####...
 Summon Small Mammal      Summ           #...         56%         1    None
 Iskenderun's Mystic Bla  Conj           #.......     99%         4    ####...
 Animate Dead             Necr           N/A          83%         4    ####...
 Pain                     Necr           ##..         32%         1    None
 Animate Skeleton         Necr           N/A          32%         1    None
 Vampiric Draining        Necr           ##........   54%         3    ###....
 Freeze                   Ice            #...         56%         1    None
 Summon Ice Beast         Ice/Summ       #.......     99%         4    ####...
 Ozocubu's Armour         Chrm/Ice       #.......     75%         3    ###....
 Call Imp                 Summ           #.......     67%         2    ##.....
 Sting                    Conj/Pois      #...         56%         1    None
 Tukima's Dance           Hex            #.......     83%         3    ###....
 Spider Form              Tmut/Pois      ###.......   30%         3    ###....
 Ice Form                 Ice/Tmut       ###.....     54%         4    ####...
 Dragon Form              Tmut           #####.....   97%         7    #######
 Throw Icicle             Conj/Ice       #.......     99%         4    ####...
 Call Canine Familiar     Summ           #.......     83%         3    ###....
 Alistair's Intoxication  Tmut/Pois      ###.....     80%         5    ######.
 Simulacrum               Ice/Necr       #.........   100%        6    #######
 Fulminant Prism          Conj/Hex       #.........   99%         4    ####...
 Dazzling Spray           Conj/Hex       #.....       83%         3    ###....
 Force Lance              Conj/Tloc      #.......     99%         4    ####...
 Searing Ray              Conj           #.....       67%         2    ##.....
 Summon Lightning Spire   Summ/Air       #.......     99%         4    ####...
 Summon Guardian Golem    Hex/Summ       #.......     83%         3    ###....
 Hydra Form               Tmut           #####.....   63%         6    #######
 Irradiate                Conj/Tmut      ###.......   80%         5    ######.
 Lesser Beckoning         Tloc           #.........   83%         3    ###....
 Poisonous Vapours        Pois/Air       #.....       67%         2    ##.....


Dungeon Overview and Level Annotations

Branches:
Dungeon (15/15)            Temple (0/1) D:4            Lair (6/6) D:9
  Swamp (3/4) Lair:3        Snake (3/4) Lair:3        Slime (0/5) Lair:5
    Orc (2/2) D:10            Elf (0/3) Orc:2        Vaults (0/5) D:14
 Depths (0/5) D:15

Altars:
Cheibriados
Elyvilon
Fedhas
Gozag
Hepliaklqana
Okawaru
Ru
Trog
Uskayaw
Wu Jian
Xom
Zin
Beogh

Shops:
D:7 }   Orc:2 }[((   Lair:1 :   Lair:3 [   Snake:2 [:

Portals:
Trove: D:12 (give +2 storm dragon scales)

Annotations:
Lair:3 Rupert


Innate Abilities, Weirdness & Mutations

You can walk through water.
Your dull iron-grey scales are very hard. (AC +14)
You cannot fit into any form of body armour.
You can survive without breathing.
You are cold-blooded and may be slowed by cold attacks.


Message History

The anaconda bites you!!
* * * LOW HITPOINT WARNING * * *
The anaconda constricts you. The anaconda bites you!
* * * LOW HITPOINT WARNING * * *
[a] - 375 gold - haste and heal wounds [b] - 288 gold - invisibility and agility [c] - 240 gold - invisibility and agility Purchase which effect?
You feel yourself speed up.
You feel much better.
The anaconda is distracted by the nearby gold.
* * * LOW HITPOINT WARNING * * *
The anaconda constricts you. The anaconda bites you!
* * * LOW HITPOINT WARNING * * *
The salamander hits you with a spear!
* * * LOW HITPOINT WARNING * * *
You are engulfed in flames!
* * * LOW HITPOINT WARNING * * *
The naga warrior hits you from afar with a halberd!
You die...
Your body crumbles into a pile of gold.

..)...)..... ##.. ..
......###..## .... ..
.........#.##### ....N..
................
.....#.#####..............
.N......................
##... ##................
#....##S................
#..NN@#...............
.........S#...............
..........#...............
......#...#.............).
........[.##............(#
......#...........#.......
......#...#######.........
....[ ....................
#. ##########......


You could see a naga warrior, a salamander and 2 anacondas.

Vanquished Creatures
  Jorgrun (Snake:2)
  A thorn hunter (Swamp:1)
  An orc warlord (Orc:2)
  A frost giant (D:11)
  3 dire elephants (Lair:6)
  A minotaur (Lab)
  An ettin (Orc:1)
  Josephine (Lair:4)
  Harold (D:10)
  6 hydras
  A rakshasa (D:15)
  2 centaur warriors
  2 ghost crabs (Swamp:2)
  Erica (D:9)
  5 naga warriors
  A death knight (D:13)
  7 anacondas
  An ogre mage (D:14)
  10 alligators
  8 two-headed ogres
  A tengu warrior (D:15)
  Urug (Lair:4)
  6 death yaks
  2 shock serpents
  4 naga sharpshooters
  6 orc high priests
  Sonja (Lair:2)
  5 spriggans
  8 skeletal warriors
  5 unseen horrors
  A spriggan druid (Swamp:3)
  2 naga ritualists
  2 swamp dragons (Swamp:1)
  A glowing orange brain (D:15)
  A necromancer (IceCv)
  8 orc knights
  A deep elf mage (D:12)
  2 phantasmal warriors (D:13)
  A wolf spider (shapeshifter) (D:15)
  5 mana vipers
  2 orc sorcerers (Orc:1)
  6 ugly things
  4 cyclopes
  5 salamanders
  A manticore (D:15)
  11 elephants
  3 centaur zombies
  6 naga magi
  An ice statue (IceCv)
  3 guardian serpents
  21 black mambas
  A gargoyle (D:13)
  18 spiny frogs
  A molten gargoyle (D:15)
  10 freezing wraiths (IceCv)
  An efreet (D:14)
  A rime drake (Lair:1)
  6 komodo dragons
  4 tyrant leeches
  12 trolls
  2 bog bodies
  6 hornets
  21 slime creatures
  12 hippogriffs
  21 blink frogs
  6 wraiths
  A water elemental (D:12)
  2 vampires
  2 wyverns (D:13)
  A basilisk (Lair:4)
  A fire elemental (D:11)
  34 yaks
  3 hungry ghosts
  15 vampire mosquitoes
  11 swamp worms
  7 insubstantial wisps (Swamp:2)
  3 wargs
  An acid dragon (D:15)
  13 nagas
  13 water moccasins
  2 hell hounds (D:9)
  A soldier ant (D:11)
  4 swamp drakes
  12 ice beasts
  9 porcupines
  48 orc warriors
  3 black bears
  An eye of draining (D:12)
  3 phantoms
  4 sky beasts
  7 wolves (Lair:3)
  5 boggarts (D:14)
  A necrophage (D:12)
  9 centaurs
  8 crocodiles
  14 ogres
  2 big kobolds
  25 bullfrogs
  A water moccasin skeleton (D:9)
  3 scorpions
  23 killer bees
  2 elephant simulacra (IceCv)
  14 wights
  3 howler monkeys
  3 crimson imps
  2 lava snakes
  3 bullfrog zombies
  A draconian simulacrum (IceCv)
  7 hounds
  22 jellies
  41 orc priests
  3 bullfrog skeletons
  Crazy Yiuf (D:3)
  4 centaur skeletons
  6 worker ants
  4 iguanas
  26 orc wizards
  2 polar bear simulacra (IceCv)
  4 troll simulacra (IceCv)
  2 spriggan simulacra (IceCv)
  4 centaur simulacra (IceCv)
  A hound skeleton (D:9)
  Robin (D:3)
  4 gnolls (D:6)
  A howler monkey zombie (D:5)
  2 howler monkey skeletons (D:4)
  6 ogre simulacra (IceCv)
  12 adders
  3 naga simulacra (IceCv)
  12 white imps (IceCv)
  6 oozes
  An adder skeleton (D:7)
  2 worms
  A dart slug (D:1)
  4 leopard geckos
  95 orcs
  3 giant cockroaches
  16 goblins
  11 hobgoblins
  11 jackals
  A quokka (D:6)
  A ball python (D:1)
  3 bats
  4 frilled lizards
  A jackal skeleton (D:8)
  20 kobolds
  A leopard gecko zombie (D:8)
  6 rats
  A plant (Lair:6)
979 creatures vanquished.

Vanquished Creatures (collateral kills)
  Grinder (D:3)
  A worker ant (D:2)
  An adder (D:2)
  A ball python (D:3)
4 creatures vanquished.

Vanquished Creatures (others)
  8 insubstantial wisps (Swamp:2)
  11 fungi
  6 plants
  5 toadstools (Swamp:1)
30 creatures vanquished.

Grand Total: 1013 creatures vanquished

Notes
Turn   | Place    | Note
-------+----------+-------------------------------------------
     0 | D:1      | sking99 the Draconian Transmuter began the quest for the Orb.
     0 | D:1      | Reached XP level 1. HP: 16/16 MP: 3/3
   420 | D:1      | Reached XP level 2. HP: 23/23 MP: 5/5
  1105 | D:2      | Reached XP level 3. HP: 27/29 MP: 4/6
  1116 | D:2      | Learned a level 2 spell: Sticks to Snakes
  1241 | D:2      | Found a bloodstained altar of Trog.
  1379 | D:2      | Reached skill level 4 in Unarmed Combat
  1379 | D:2      | Reached XP level 4. HP: 28/36 MP: 2/7
  1577 | D:2      | Found a snail-covered altar of Cheibriados.
  1881 | D:3      | Found a glowing silver altar of Zin.
  1985 | D:3      | Found an opulent altar of Gozag.
  1989 | D:3      | Found a faded altar of an unknown god.
  2057 | D:3      | Noticed Grinder
  2059 | D:3      | Paralysed by Grinder for 3 turns
  2077 | D:3      | Killed Grinder
  2077 | D:3      | Reached XP level 5. HP: 4/45 MP: 4/8
  2077 | D:3      | Reached XP level 6. HP: 5/51 MP: 4/9
  2425 | D:3      | Noticed Robin
  2443 | D:3      | Reached skill level 5 in Unarmed Combat
  2488 | D:3      | Killed Robin
  2736 | D:3      | Found a runed door.
  2899 | D:3      | Noticed Crazy Yiuf
  2910 | D:3      | Killed Crazy Yiuf
  3009 | D:3      | Became a worshipper of Gozag Ym Sagoz the Greedy
  3208 | D:4      | Found an ornate altar of the Wu Jian Council.
  3426 | D:4      | Noticed an orc warrior
  3432 | D:4      | Killed an orc warrior
  3432 | D:4      | Your scales start taking on a dull iron-grey colour.
  3432 | D:4      | Reached XP level 7. HP: 58/58 MP: 8/10
  3432 | D:4      | Gained mutation: You can survive without breathing. [Grey Draconian growth]
  3508 | D:4      | Found a staircase to the Ecumenical Temple.
  3758 | D:4      | Found a white marble altar of Elyvilon.
  3851 | D:5      | Entered Level 5 of the Dungeon
  3857 | D:5      | Reached skill level 6 in Unarmed Combat
  3900 | D:5      | Found a shimmering altar of Xom.
  4166 | D:5      | Reached XP level 8. HP: 50/67 MP: 11/11
  4438 | D:5      | Reached skill level 7 in Unarmed Combat
  4535 | D:5      | Found a shimmering altar of Xom.
  4540 | D:5      | Found a shimmering altar of Xom.
  4546 | D:5      | Found a shimmering altar of Xom.
  4547 | D:5      | Found a shimmering altar of Xom.
  4591 | D:5      | Found a sacrificial altar of Ru.
  4671 | D:5      | Reached skill level 5 in Fighting
  4848 | D:5      | Reached skill level 5 in Transmutations
  5123 | D:6      | Reached skill level 5 in Dodging
  5145 | D:6      | Reached skill level 8 in Unarmed Combat
  5164 | D:6      | Reached XP level 9. HP: 41/75 MP: 12/12
  5364 | D:6      | Found a blossoming altar of Fedhas.
  5477 | D:6      | Found a hazy altar of Hepliaklqana.
  5712 | D:6      | Found an iron altar of Okawaru.
  6324 | D:7      | Reached skill level 9 in Unarmed Combat
  6622 | D:7      | Found Iroetwih's Gadget Shoppe.
  7313 | D:8      | Noticed a hand axe
  7313 | D:8      | Noticed a hand axe
  7316 | D:8      | Found a hide-covered altar of Uskayaw.
  7316 | D:8      | Noticed a two-headed ogre
  7339 | D:8      | Killed a two-headed ogre
  7339 | D:8      | Reached skill level 10 in Unarmed Combat
  7339 | D:8      | Reached XP level 10. HP: 56/86 MP: 5/13
  8005 | D:9      | Noticed Erica
  8022 | D:9      | Killed Erica
  8128 | D:9      | Reached skill level 11 in Unarmed Combat
  8568 | D:9      | Found a staircase to the Lair.
  8785 | D:9      | Identified the Volume of Supportive Necromancy
  9286 | D:10     | Entered Level 10 of the Dungeon
  9368 | D:10     | Found a hide-covered altar of Uskayaw.
  9815 | D:10     | Noticed Harold
  9843 | D:10     | Killed Harold
  9843 | D:10     | Reached XP level 11. HP: 48/97 MP: 1/14
 10204 | D:10     | Reached skill level 12 in Unarmed Combat
 10500 | D:10     | Found a staircase to the Orcish Mines.
 10686 | Lair:1   | Entered Level 1 of the Lair of Beasts
 11200 | Lair:1   | Reached skill level 10 in Fighting
 12984 | Lair:2   | Noticed Sonja
 13885 | Lair:3   | Reached skill level 10 in Dodging
 13900 | Lair:3   | Reached XP level 12. HP: 84/110 MP: 15/15
 13978 | Lair:3   | Found a labyrinth entrance.
 13987 | Lab      | Entered a labyrinth
 14076 | Lab      | Noticed a minotaur
 14104 | Lab      | Killed a minotaur
 14430 | Lair:3   | Learned a level 1 spell: Summon Butterflies
 14432 | Lair:3   | Learned a level 1 spell: Apportation
 14619 | Lair:3   | Noticed Rupert
 14979 | Lair:3   | Found a staircase to the Snake Pit.
 14995 | Lair:3   | Noticed a seven-headed hydra
 15031 | Lair:3   | Killed a seven-headed hydra
 15460 | Lair:3   | Found a staircase to the Swamp.
 15858 | Lair:4   | Noticed a seven-headed hydra
 15870 | Lair:4   | Killed a seven-headed hydra
 16340 | Lair:4   | Noticed Urug
 16359 | Lair:4   | Killed Urug
 16899 | Lair:4   | Noticed Josephine
 16938 | Lair:4   | Killed Josephine
 16938 | Lair:4   | Reached skill level 1 in Evocations
 16938 | Lair:4   | HP: 8/172 [wraith[Josephine] (3)]
 17944 | Lair:5   | Reached XP level 13. HP: 116/122 MP: 14/16
 18839 | Lair:5   | Found a staircase to the Slime Pits.
 18999 | Lair:5   | Bought a ration for 65 gold pieces
 18999 | Lair:5   | Bought a ration for 65 gold pieces
 18999 | Lair:5   | Bought a ration for 65 gold pieces
 19486 | Lair:6   | Entered Level 6 of the Lair of Beasts
 19550 | Lair:6   | Learned a level 5 spell: Blade Hands
 19550 | Lair:6   | Found a shimmering altar of Xom.
 20767 | Lair:6   | Reached skill level 5 in Evocations
 21296 | Lair:6   | Noticed a dire elephant
 21312 | Lair:6   | Killed a dire elephant
 21564 | Lair:6   | Noticed a dire elephant
 21564 | Lair:6   | Noticed a dire elephant
 21565 | Lair:6   | Found the +0 mask of the Dragon {MR+ Slay+3 SInv}
 21571 | Lair:6   | Killed a dire elephant
 21577 | Lair:6   | Killed a dire elephant
 22774 | Lair:2   | Killed Sonja
 22774 | Lair:2   | Reached XP level 14. HP: 132/132 MP: 18/18
 22964 | D:11     | Noticed a frost giant
 22974 | D:11     | Killed a frost giant
 23291 | D:11     | Identified a scroll of acquirement
 24286 | D:12     | Found a portal to a secret trove of treasure.
 26058 | D:13     | Reached skill level 13 in Unarmed Combat
 26321 | D:14     | Found a frozen archway.
 26342 | IceCv    | Entered an ice cave
 26926 | IceCv    | Reached skill level 10 in Transmutations
 27046 | IceCv    | Found an ancient bone altar of Kikubaaqudgha.
 27788 | D:14     | Bought a ration for 55 gold pieces
 27788 | D:14     | Bought a ration for 55 gold pieces
 27788 | D:14     | Bought a ration for 55 gold pieces
 27788 | D:14     | Bought a ration for 55 gold pieces
 27788 | D:14     | Bought a ration for 55 gold pieces
 27788 | D:14     | Bought a ration for 55 gold pieces
 27788 | D:14     | Bought a ration for 55 gold pieces
 27788 | D:14     | Bought a ration for 55 gold pieces
 27788 | D:14     | Bought a ration for 55 gold pieces
 27788 | D:14     | Bought a ration for 55 gold pieces
 27788 | D:14     | Bought a ration for 55 gold pieces
 28390 | D:14     | Found a gate to the Vaults.
 28429 | D:14     | Reached XP level 15. HP: 138/138 MP: 15/20
 29377 | D:15     | Entered Level 15 of the Dungeon
 29657 | D:15     | Learned a level 3 spell: Regeneration
 29698 | D:15     | Got a brightly glowing silver ring
 29704 | D:15     | Identified the ring "Nafamet" {rPois MR++} (You found it on level 15 of the Dungeon)
 29932 | D:15     | Reached skill level 1 in Charms
 29932 | D:15     | Reached skill level 1 in Necromancy
 30603 | D:15     | Noticed a ghost moth
 30603 | D:15     | a spark wasp changed into a ghost moth
 30607 | D:15     | a ghost moth changed into a catoblepas
 30609 | D:15     | Noticed a storm dragon
 30609 | D:15     | a catoblepas changed into a storm dragon
 30615 | D:15     | a storm dragon changed into an ice dragon
 31038 | D:15     | Found a staircase to the Depths.
 31085 | D:15     | Found an opulent altar of Gozag.
 31104 | D:15     | Reached skill level 5 in Spellcasting
 31737 | Orc:1    | Entered Level 1 of the Orcish Mines
 31812 | D:10     | Reached skill level 14 in Unarmed Combat
 33059 | Orc:1    | Found a roughly hewn altar of Beogh.
 33188 | Orc:2    | Entered Level 2 of the Orcish Mines
 33498 | Orc:2    | Noticed an orc warlord
 33613 | Orc:2    | Killed an orc warlord
 33967 | Orc:2    | Found a staircase to the Elven Halls.
 35145 | Orc:2    | Reached skill level 1 in Stealth
 35174 | Orc:2    | Found Jacvyimp's Gadget Shop.
 35176 | Orc:2    | Found Bucot's Armour Boutique.
 35179 | Orc:2    | Found Seargh's Antique Weapon Shop.
 35180 | Orc:2    | Found Unaor's Antique Weapon Shop.
 35935 | Lair:5   | Bought a ration for 65 gold pieces
 35935 | Lair:5   | Bought a ration for 65 gold pieces
 35935 | Lair:5   | Bought a ration for 65 gold pieces
 35935 | Lair:5   | Bought a ration for 65 gold pieces
 35935 | Lair:5   | Bought a ration for 65 gold pieces
 35935 | Lair:5   | Bought a ration for 65 gold pieces
 35935 | Lair:5   | Bought a ration for 65 gold pieces
 35935 | Lair:5   | Bought a ration for 65 gold pieces
 35935 | Lair:5   | Bought a ration for 65 gold pieces
 35935 | Lair:5   | Bought a ration for 65 gold pieces
 36001 | Lair:3   | Bought a +2 pair of gloves of strength for 301 gold pieces
 36021 | Swamp:1  | Entered Level 1 of the Swamp
 36113 | Swamp:1  | Paralysed by a hornet for 3 turns
 36157 | Swamp:1  | Noticed a thorn hunter
 36166 | Swamp:1  | Killed a thorn hunter
 36166 | Swamp:1  | Reached XP level 16. HP: 100/147 MP: 8/23
 36334 | Swamp:1  | Learned a level 6 spell: Statue Form
 37218 | Swamp:2  | Reached skill level 15 in Unarmed Combat
 38938 | Swamp:3  | HP: 2/147 [alligator[a spriggan druid] (30)]
 39334 | Snake:1  | Entered Level 1 of the Snake Pit
 40147 | Snake:2  | Reached skill level 1 in Earth Magic
 40966 | Snake:2  | Reached skill level 15 in Fighting
 41385 | Snake:2  | Noticed Jorgrun
 41403 | Snake:2  | Killed Jorgrun
 41467 | Snake:2  | Found Tisaot's Book Shop.
 41469 | Snake:2  | Found Fothrastro's Armour Shoppe.
 42565 | Snake:3  | Reached skill level 16 in Unarmed Combat
 42816 | Snake:3  | Reached skill level 15 in Dodging
 42816 | Snake:3  | Reached XP level 17. HP: 149/156 MP: 9/24
 42969 | Snake:3  | HP: 7/156 [salamander/spear (13)]
 42969 | Snake:3  | Slain by a naga warrior

Vault maps used:
D:1:      scummos_arrival_simple_fountains, minmay_hexomino_u4
D:2:      old_standard_altar, bloody_trog, first_ration
D:3:      nicolae_overflow_hidden_temple, lemuel_round_altar,
          chequers_ecumenical_altar_simple, uniq_grinder,
          uniq_crazy_yiuf_cottage, uniq_robin
D:4:      lemuel_round_altar, kennysheep_little_box,
          minmay_temple_entry_butterflies
D:5:      xom_redecorated, lemuel_round_altar, basic_altar, chequers_big_river
D:6:      lemuel_upstairs_altar, overflow_temple_1_default,
          overflow_temple_1_default, fedhas_altar_2
D:7:      serial_shops, nicolae_shop_crystal
D:8:      dancing_weapons_uskayaw
D:9:      minmay_lair_entry_lava, uniq_erica
D:10:     hiddenorc1_lemuel, basic_altar, uniq_harold
D:11:     kennysheep_island_fort
D:12:     nicolae_trove_entry_crossroad, hangedman_little_slice_of_home,
          nicolae_lava_and_water
D:14:     david_vaults_2, portal_ice_cave_entry_pillars_1,
          minmay_misc_feat_more_columns
D:15:     gammafunk_enter_depths_forms, nicolae_gozag_seed_capital
Lair:1:   st_stairs_4, beast_lair_carwin_6
Lair:2:   grunt_megastairs_2, lemuel_fruit_fields, uniq_sonja
Lair:3:   minmay_swamp_entry_worms, minmay_snake_entry_guardpost_large,
          lab_entry_generic, uniq_rupert
Lair:4:   uniq_josephine, uniq_urug
Lair:5:   minmay_slime_entry_jelly_boxes, infiniplex_staircase_pool_2
Lair:6:   due_jungle_book, basic_altar
Swamp:1:  cheibrodos_swamp_tower_of_moss, evilmike_swamp_ruin_house_2
Swamp:2:  evilmike_swamp_ruin_rubble_2, swamp_pool1, infiniplex_staircase_pool
Swamp:3:  nicolae_swamp_rocky_clearing, swamp_pool4, grunt_hermit_hut
Snake:2:  serial_shops, shop, nicolae_shop_trees, serial_bayou_shore_b,
          grunt_megastairs_4, uniq_jorgrun
Snake:3:  grunt_ministairs_8, stair_cage_wide, spider_trap
Orc:1:    minmay_orc_temple_c
Orc:2:    st_orc_pillars
Lab:      labyrinth_mini_lab, nicolae_lab_t_cross, nicolae_lab_x,
          nicolae_lab_dead_end
IceCv:    ice_cave_small_necro

Skill      XL: |  1  2  3  4  5  6  7  8  9 10 11 12 13 14 15 16 |
---------------+-------------------------------------------------+-----
Dodging        | 2 3 4 5 6 7 10 11 12 13 14 15 | 15.0
Fighting       | 2 3 4 5 7 9 11 13 14 15 | 15.0
Unarmed Combat | 4 5 6 8 10 11 12 13 14 16 | 16.0
Transmutations | 3 4 5 8 10 11 | 11.6
Evocations     | 1 6 7 |  7.0
Spellcasting   | 3 5 |  5.0
Charms         | 2 |  2.0
Necromancy     | 3 |  3.0
Stealth        | 1 3 |  3.8
Earth Magic    | 4 |  4.3

Action                   |  1- 3 |  4- 6 |  7- 9 | 10-12 | 13-15 | 16-18 || total
-------------------------+-------+-------+-------+-------+-------+-------++-------
Melee: Unarmed           |   143 |   207 |   420 |  1124 |  1823 |   482 ||  4199
       Tailslap          |    15 |    12 |    52 |   157 |   280 |    71 ||   587
       Punch             |     1 |     3 |    21 |    65 |   129 |    34 ||   253
       Kick              |     5 |     4 |     2 |     5 |     1 |       ||    17
       Headbutt          |       |     1 |     4 |     5 |     4 |       ||    14
Throw: Throwing net      |       |       |       |     2 |     1 |       ||     3
 Cast: Beastly Appendage |     3 |     2 |     2 |     2 |     2 |       ||    11
       Sticks to Snakes  |     2 |     6 |     6 |    27 |    21 |     2 ||    64
       Blade Hands       |       |       |       |       |    77 |    32 ||   109
       Regeneration      |       |       |       |       |    25 |    20 ||    45
       Summon Butterflie |       |       |       |       |     1 |       ||     1
Invok: Potion Petition   |       |     1 |       |     3 |     3 |     5 ||    12
       Call Merchant     |       |       |       |     1 |     3 |       ||     4
 Abil: End Transformatio |       |       |       |       |     1 |       ||     1
Evoke: Wand              |       |       |       |       |     3 |       ||     3
       Lamp of fire      |       |       |       |       |     2 |       ||     2
       Phial of floods   |       |       |       |       |     1 |       ||     1
  Use: Scroll            |       |     7 |     9 |     4 |    14 |     6 ||    40
       Potion            |       |       |       |     7 |     5 |     1 ||    13
 Stab: Sleeping          |     2 |     2 |     2 |     3 |     1 |     2 ||    12
       Distracted        |       |       |     3 |     3 |    18 |     4 ||    28
       Held in net/web   |       |       |       |     1 |     1 |       ||     2
       Invisible         |       |       |       |       |     2 |       ||     2
  Eat: Chunk             |     2 |     5 |       |       |       |       ||     7
       Ration            |       |     1 |     5 |    12 |    27 |    10 ||    55
Armor: Skin              |    46 |    64 |   159 |   360 |   417 |   141 ||  1187
Dodge: Dodged            |    95 |   131 |   230 |   904 |  1485 |   531 ||  3376

Table legend:
 A = Spawn XP
 B = Non-spawn XP
 C = Spawn XP percentage of total XP
 D = Spawn monster count
 E = Non-spawn monster count
 F = Spawn count percentage of total count
 G = Total turns spent on level
                    A         B        C        D         E        F      G
               +---------+---------+-------+---------+---------+-------+---------
         Total |       0 |  217258 |   0.0 |       0 |     982 |   0.0 | 42969
               +---------+---------+-------+---------+---------+-------+---------
           D:1 |       0 |      35 |   0.0 |       0 |      19 |   0.0 |  1094
           D:2 |       0 |     116 |   0.0 |       0 |      20 |   0.0 |   730
           D:3 |       0 |     414 |   0.0 |       0 |      36 |   0.0 |  1194
           D:4 |       0 |     416 |   0.0 |       0 |      14 |   0.0 |   833
           D:5 |       0 |    1210 |   0.0 |       0 |      18 |   0.0 |  1193
           D:6 |       0 |     872 |   0.0 |       0 |      19 |   0.0 |   973
           D:7 |       0 |    1225 |   0.0 |       0 |      24 |   0.0 |  1033
           D:8 |       0 |    1651 |   0.0 |       0 |      15 |   0.0 |   608
           D:9 |       0 |    3905 |   0.0 |       0 |      39 |   0.0 |  1961
          D:10 |       0 |    4906 |   0.0 |       0 |      70 |   0.0 |  2446
          D:11 |       0 |    4745 |   0.0 |       0 |      24 |   0.0 |  1173
          D:12 |       0 |    8840 |   0.0 |       0 |      38 |   0.0 |   918
          D:13 |       0 |   12127 |   0.0 |       0 |      51 |   0.0 |  1443
          D:14 |       0 |   13027 |   0.0 |       0 |      47 |   0.0 |  1909
          D:15 |       0 |   14337 |   0.0 |       0 |      31 |   0.0 |  1778
        Lair:1 |       0 |    5254 |   0.0 |       0 |      24 |   0.0 |  1955
        Lair:2 |       0 |    4418 |   0.0 |       0 |      18 |   0.0 |  1387
        Lair:3 |       0 |    6963 |   0.0 |       0 |      31 |   0.0 |  1831
        Lair:4 |       0 |    8346 |   0.0 |       0 |      25 |   0.0 |  1987
        Lair:5 |       0 |    9489 |   0.0 |       0 |      42 |   0.0 |  1927
        Lair:6 |       0 |   15934 |   0.0 |       0 |      32 |   0.0 |  2680
       Swamp:1 |       0 |    8423 |   0.0 |       0 |      15 |   0.0 |  1828
       Swamp:2 |       0 |   17328 |   0.0 |       0 |      49 |   0.0 |  1088
       Swamp:3 |       0 |    4140 |   0.0 |       0 |       9 |   0.0 |   368
       Snake:1 |       0 |    5307 |   0.0 |       0 |       9 |   0.0 |  1092
       Snake:2 |       0 |   21536 |   0.0 |       0 |      36 |   0.0 |  1494
       Snake:3 |       0 |   10896 |   0.0 |       0 |      18 |   0.0 |  1045
         Orc:1 |       0 |    6488 |   0.0 |       0 |      42 |   0.0 |  1066
         Orc:2 |       0 |   17668 |   0.0 |       0 |     112 |   0.0 |  2103
           Lab |       0 |    1254 |   0.0 |       0 |       1 |   0.0 |   398
         IceCv |       0 |    5988 |   0.0 |       0 |      54 |   0.0 |  1434
               +---------+---------+-------+---------+---------+-------+---------
